 Dungeon Crawl Stone Soup version 0.25-a0-42-g6c54e25894 (webtiles) character file.

Game seed: 10668401135963423272, levelgen mode: deterministic

2650 Chiseanne the Gusty (level 9, -12/63 HPs)
             Began as a Demonspawn Wanderer on Oct 22, 2019.
             Was an Initiate of Gozag.
             Killed from afar by an efreet (23 damage)
             ... with a bolt of fire
             ... on level 9 of the Dungeon.
             The game lasted 00:14:37 (9920 turns).

Chiseanne the Gusty (Demonspawn Wanderer)           Turns: 9920, Time: 00:14:37

Health: -12/63     AC: 12    Str: 12    XL:     9   Next: 36%
Magic:  0/16       EV: 12    Int: 19    God:    Gozag
Gold:   330        SH:  3    Dex: 11    Spells: 3/18 levels left

rFire    . . .     SeeInvis .   a - +3 hand axe (chop)
rCold    . . .     Gourm    .   (no shield)
rNeg     . . .     Faith    .   p - +0 leather armour
rPois    .         Spirit   +   t - +1 helmet
rElec    .         Reflect  +   e - +0 cloak
rCorr    .         Harm     .   i - +0 pair of gloves
MR       .....                  (no boots)
Stlth    ++++......             z - +3 amulet of reflection
HPRegen  0.20/turn              w - +2 ring of protection
MPRegen  0.30/turn              (no ring)

@: very slightly contaminated
A: thin metallic scales 2, nightstalker 1, magic shield, magic regeneration
a: Potion Petition, Call Merchant, Bribe Branch, Renounce Religion


You were on level 9 of the Dungeon.
You worshipped Gozag.
Gozag was aware of your devotion.
You were full.

You visited 1 branch of the dungeon, and saw 7 of its levels.

You collected 451 gold pieces.
You paid 121 gold pieces to Gozag.

Inventory:

Hand Weapons
 a - a +3 hand axe of chopping (weapon)
 h - a +0 club
 n - the +5 hunting sling "Docemima" {flame, rPois MR+ Stlth+, unknown}
   (You found it on level 4 of the Dungeon)

   It causes projectiles fired from it to burn those they strike, causing extra
   injury to most foes and up to half again as much damage against particularly
   susceptible opponents.
   It protects you from poison.
   It affects your resistance to hostile enchantments.
   It makes you more stealthy.
 s - a +0 short sword of speed
Missiles
 d - 113 arrows
 g - 93 bolts
 j - 145 stones
 k - 8 poisoned darts (quivered)
 q - 4 boomerangs
 u - 17 sling bullets
Armour
 e - a +0 cloak (worn)
 i - a +0 pair of gloves (worn)
 m - a scarf of repulsion
 p - a +0 leather armour (worn)
 t - a +1 helmet (worn)
Jewellery
 w - a +2 ring of protection (left hand)
 z - a +3 amulet of reflection (around neck)
Wands
 c - a wand of flame (22)
 B - a wand of acid (11)
Scrolls
 l - 3 scrolls of remove curse
 C - a scroll of fog {unknown}
Potions
 b - 4 potions of curing
 r - 3 potions of flight
 v - 2 potions of magic
Comestibles
 f - 5 rations


   Skills:
 - Level 3.0 Fighting
 - Level 3.6 Armour
 * Level 2.5 Dodging
 * Level 5.5 Stealth
 * Level 5.1 Spellcasting
 * Level 5.7 Conjurations
 * Level 7.0 Air Magic
 - Level 2.0 Evocations


You had 3 spell levels left.
You knew the following spells:

 Your Spells              Type           Power        Failure   Level  Hunger
a - Shock                 Conj/Air       ####         1%          1    None
b - Swiftness             Chrm/Air       ###.....     5%          2    #......
c - Static Discharge      Conj/Air       ####....     3%          3    ##.....
d - Airstrike             Air            ####......   9%          4    ####...
e - Lightning Bolt        Conj/Air       ####......   30%         5    ######.

Your spell library contained the following spells:

 Spells                   Type           Power        Failure   Level  Hunger


Dungeon Overview and Level Annotations

Branches:
Dungeon (9/15)
 Temple: D:4-7         Lair: D:8-11         Orc: D:9-12

Altars:
Gozag
Hepliaklqana
Nemelex Xobeh
Okawaru
Trog

Shops:
D:8 [!([

Annotations:
D:8 Harold


Innate Abilities, Weirdness & Mutations

You are mostly covered in thin metallic scales. (AC +3)
You are slightly more attuned to the shadows.
When hurt, damage is shared between your health and your magic reserves.
You regenerate magic rapidly.


Message History

Press: ? - help, Shift-Dir - straight line, f/p - efreet
Aim: an efreet, wielding a +3 scimitar of flaming (severely wounded)
The zap hits the efreet.
The efreet is severely wounded.
The efreet gestures at you.
The fireball explodes!
The fireball engulfs you!!
* * * LOW HITPOINT WARNING * * *
The fireball engulfs the efreet.
The efreet completely resists.
You hear a shout!
There is a stone staircase leading up, spattered with blood here.
Okay, then.
You feel better. The efreet barely misses you.
Blink to where?
Press: ? - help, Dir - move target cursor, p - efreet You are very lightly contaminated with residual magic.
As you read the scroll of blinking, it crumbles to dust.
The efreet gestures at you. The bolt of fire hits you!!
You die...
Your body crumbles into a pile of gold.

#.....°.##...
..##..o☼.##..#.#
...###$###......
.......R........
...#...§<.......
# ###.####+##+#
##.###..
#....... $
#@......
######## $


You could see an efreet.

Vanquished Creatures
  Psyche (D:8)
  Prince Ribbit (D:8)
  2 humans (D:7)
  A vampire mosquito (D:8)
  A water moccasin (D:8)
  2 orc warriors
  An ogre (D:9)
  A centaur (D:7)
  A big kobold (D:7)
  5 bullfrogs
  A scorpion (D:9)
  3 killer bees (D:7)
  A hound (D:4)
  4 jellies
  6 orc priests
  4 worker ants
  Robin (D:3)
  A gnoll (D:7)
  11 adders
  11 oozes
  2 adder skeletons (D:7)
  A worm (D:3)
  A dart slug (D:2)
  3 leopard geckos
  15 orcs
  5 bats
  3 giant cockroaches
  19 goblins
  5 hobgoblins
  4 jackals (D:3)
  2 quokkas
  4 frilled lizards
  12 kobolds
  5 rats
140 creatures vanquished.

Vanquished Creatures (others)
  A sky beast (D:9)
  A fungus (D:4)
  10 toadstools (D:4)
12 creatures vanquished.

Grand Total: 152 creatures vanquished

Notes
Turn   | Place    | Note
-------+----------+-------------------------------------------
     0 | D:1      | Chiseanne the Demonspawn Wanderer began the quest for the
                  | Orb.
     0 | D:1      | Chiseanne set off with the following items: a +0 club, a
                  | potion of curing, a +0 robe, a ration; and the following
                  | spell memorised: Shock; and the following spells available
                  | to memorise: Swiftness, Static Discharge, Airstrike,
                  | Lightning Bolt
     0 | D:1      | Reached XP level 1. HP: 18/18 MP: 2/2
   812 | D:1      | Reached skill level 1 in Spellcasting
   812 | D:1      | Reached skill level 1 in Conjurations
   812 | D:1      | Gained mutation: You are slightly more attuned to the
                  | shadows. [demonic ancestry]
   812 | D:1      | Reached XP level 2. HP: 13/24 MP: 0/3
  1126 | D:2      | Found a sparkling altar of Nemelex Xobeh.
  1232 | D:2      | Gained mutation: You are partially covered in thin metallic
                  | scales. (AC +2) [demonic ancestry]
  1232 | D:2      | Reached XP level 3. HP: 10/29 MP: 0/4
  1639 | D:2      | Found a hazy altar of Hepliaklqana.
  2070 | D:2      | Reached skill level 1 in Stealth
  2408 | D:2      | Found a bloodstained altar of Trog.
  2534 | D:3      | Reached XP level 4. HP: 35/35 MP: 3/6
  2699 | D:3      | Reached skill level 5 in Air Magic
  2959 | D:3      | Reached skill level 1 in Armour
  3425 | D:3      | Reached XP level 5. HP: 40/41 MP: 0/7
  3595 | D:3      | Noticed Robin
  3612 | D:3      | Killed Robin
  4786 | D:4      | Learned a level 2 spell: Swiftness
  4811 | D:4      | Found Bauhi's Antique Armour Shop.
  4981 | D:4      | Gained mutation: When hurt, damage is shared between your
                  | health and your magic reserves. [demonic ancestry]
  4981 | D:4      | Reached XP level 6. HP: 40/47 MP: 1/9
  5725 | D:4      | Got a fine hunting sling
  6009 | D:4      | You fall into a shaft and drop 3 floors!
  6031 | D:7      | Gained mutation: You are mostly covered in thin metallic
                  | scales. (AC +3) [demonic ancestry]
  6031 | D:7      | Reached XP level 7. HP: 50/52 MP: 1/11
  6486 | D:7      | Found an iron altar of Okawaru.
  6877 | D:7      | Noticed a human
  6877 | D:7      | Noticed a human
  6904 | D:7      | Killed a human
  6904 | D:7      | Reached skill level 6 in Air Magic
  6904 | D:7      | Reached XP level 8. HP: 44/58 MP: 2/13
  7523 | D:7      | Learned a level 3 spell: Static Discharge
  7607 | D:8      | Found Vuothriox's Antique Armour Shoppe.
  7759 | D:8      | Found Saasoas's Distillery.
  7770 | D:8      | Found an opulent altar of Gozag.
  7784 | D:8      | Became a worshipper of Gozag Ym Sagoz the Greedy
  7827 | D:8      | Noticed Psyche
  8169 | D:8      | Killed Psyche
  8169 | D:8      | Reached skill level 1 in Dodging
  8169 | D:8      | Reached skill level 5 in Conjurations
  8302 | D:8      | Noticed Harold
  8319 | D:8      | Found Led Ophi's Armour Boutique.
  8422 | D:8      | Noticed Prince Ribbit
  8433 | D:8      | Killed Prince Ribbit
  8433 | D:8      | Reached skill level 5 in Stealth
  8433 | D:8      | Gained mutation: You regenerate magic rapidly. [demonic
                  | ancestry]
  8433 | D:8      | Reached XP level 9. HP: 44/63 MP: 4/16
  8851 | D:8      | Found Toph's Armour Emporium.
  8862 | D:8      | Found Ytrewuoh's Weapon Boutique.
  9089 | D:8      | Learned a level 4 spell: Airstrike
  9095 | D:8      | Learned a level 5 spell: Lightning Bolt
  9611 | D:9      | Reached skill level 5 in Spellcasting
  9629 | D:8      | HP: 1/63 [vampire mosquito (3)]
  9658 | D:8      | Reached skill level 7 in Air Magic
  9904 | D:9      | Noticed an efreet
  9920 | D:9      | Killed from afar by an efreet

Levels and vault maps discovered:
D:1:      lemuel_arrival_hallway, layout_basic
D:2:      layout_basic, lightli_temple_of_fire, overflow_temple_1_default,
          lemuel_crystal_altar
D:3:      wad_pebble_path, layout_basic, minmay_vboxes, uniq_robin
D:4:      cheibrodos_fertilizer, layout_gridville, temple_hall, serial_shops,
          shop, shop
D:7:      layout_basic, okawaru_humans, lemuel_round_altar
D:8:      layout_basic, grunt_gozag_breadcrumbs, serial_shops,
          nicolae_shop_trees, nicolae_shop_behind_doors, shop, shop,
          kennysheep_mini, uniq_harold, uniq_psyche, uniq_prince_ribbit1
D:9:      minmay_the_grid_octo_triangle [minmay_the_grid_octo_chip,
          minmay_the_grid_octo_prize_square_snowflake,
          minmay_the_grid_octo_shrine], layout_gridville, lemuel_doored_altar,
          erik_orc_3, uniq_grum

Skill      XL: |  1  2  3  4  5  6  7  8  9 |
---------------+----------------------------+-----
Spellcasting   | 1 2 3 4 5 |  5.1
Conjurations   | 1 2 3 4 5 |  5.7
Stealth        | 1 2 3 5 |  5.5
Air Magic      | 5 6 7 |  7.0
Armour         | 1 2 3 |  3.6
Dodging        | 1 2 |  2.5
Fighting       | |  3.0
Evocations     | |  2.0

Action                   |  1- 3 |  4- 6 |  7- 9 || total
-------------------------+-------+-------+-------++-------
Melee: Spear             |    27 |       |       ||    27
       Falchion          |    14 |    68 |    62 ||   144
       Hand axe          |       |       |    47 ||    47
Throw: Dart              |       |       |     2 ||     2
 Cast: Shock             |    41 |   159 |   178 ||   378
       Static Discharge  |       |       |    21 ||    21
       Swiftness         |       |       |     1 ||     1
  Use: Scroll            |       |     8 |     5 ||    13
       Potion            |       |       |     6 ||     6
 Stab: Sleeping          |       |     1 |     2 ||     3
  Eat: Chunk             |     5 |    14 |     6 ||    25
       Ration            |       |       |     4 ||     4
Armor: Robe              |     2 |       |       ||     2
       Leather armour    |    18 |    45 |    88 ||   151
Dodge: Dodged            |    20 |    70 |   132 ||   222
       Deflected         |       |     3 |       ||     3
Block: Other             |       |       |    10 ||    10
       Rpst.: Falchion   |     3 |    24 |    17 ||    44

Table legend:
 A = Non-vault XP
 B = Vault XP
 C = Vault XP percentage of total XP
 D = Non-vault monster count
 E = Vault monster count
 F = Vault count percentage of total count
                 A         B        C        D         E       F
            +---------+---------+-------+---------+---------+-------
      Total |    1834 |    1952 |  51.6 |      98 |      42 |  30.0
            +---------+---------+-------+---------+---------+-------
        D:1 |      22 |       0 |   0.0 |       7 |       0 |   0.0
        D:2 |      74 |       0 |   0.0 |      16 |       0 |   0.0
        D:3 |     149 |      54 |  26.6 |      29 |      17 |  37.0
        D:4 |     211 |     149 |  41.4 |       9 |      15 |  62.5
        D:7 |     704 |     417 |  37.2 |      20 |       2 |   9.1
        D:8 |     410 |    1037 |  71.7 |      12 |       4 |  25.0
        D:9 |     264 |     295 |  52.8 |       5 |       4 |  44.4
            +---------+---------+-------+---------+---------+-------
